[Event "45th FIDE Olympiad 2024"]
[Site "Budapest"]
[Date "2024.09.11"]
[Round "1.122"]
[White "Horvath, Dominik"]
[Black "De Gondo, Simplice Armel"]
[Result "1-0"]
[ECO "B22"]
[WhiteElo "2559"]
[BlackElo "2045"]
[Annotator "TA"]
[PlyCount "67"]
[EventDate "2024.09.05"]
[EventType "team-tourn"]
[EventCountry "HUN"]
[SourceTitle "playchess.com"]
[Source "ChessBase"]
[SourceQuality "1"]
[WhiteTeam "Austria"]
[BlackTeam "Cote d/^Ivoire"]
[WhiteTeamCountry "AUT"]
[TimeControl "40/5400+30:1800+30"]

1. e4 c5 2. c3 Nf6 3. e5 Nd5 4. Bc4 Nb6 5. Bb3 c4 6. Bc2 Nc6 7. Qe2 Qc7 8. Nf3 {White has an edge.} e6 9. b3 cxb3 10. axb3 d6 11. exd6 {White is more active.} Bxd6 12. d4 Bd7 13. O-O Nd5 14. c4 Ncb4 15. Be4 Nf6 16. Nc3 O-O 17. Bb1 Bc6 18. Bg5 {[#] Threatens to win with Bxf6.} (18. Ne5 {simplifies} Bxe5 19. Qxe5 Qxe5 20. dxe5 Nd7 21. f4) 18... Rfe8 19. Ne5 h6 (19... Bxe5 $14 20. dxe5 Nd7) 20. Bxf6 gxf6 21. Nxc6 Nxc6 (21... bxc6 $16 22. Ne4 Be7) 22. Ne4 Be7 (22... Bxh2+ $2 {too greedy.} 23. Kh1 Bf4 24. Nxf6+ Kf8 25. d5 $18 (25. Nxe8 Rxe8 26. Rd1 e5 $18)) 23. Qg4+ Kh8 24. Qh3 $36 {[%mdl 2048] White is in control.} Kg7 (24... Qf4 {was called for.}) 25. Ng3 Rh8 {Black is weak on the light squares} (25... f5 $142) 26. d5 $18 Nd8 27. Re1 Kf8 28. dxe6 (28. Nh5 $18) 28... fxe6 (28... Nxe6 $16 29. Be4 Bb4) 29. Bg6 {[%cal Bb1g6,Bg6f5,Bf5e6][%mdl 32] [#] aiming for Rxe6.} Qb6 (29... Bb4 30. Re4 Rg8) 30. Rad1 {White is clearly winning.} Rc8 31. Nh5 Rg8 32. Nf4 Kg7 33. Bf5 Rc7 34. Bxe6 {Weighted Error Value: White=0.17 (very precise) /Black=0.58.  Mistake:       	White=1     	Black=6      Inaccurate:     	---       	Black=2      OK:         	White=9     	Black=5      Best:        	---       	Black=1} 1-0

[Event "45th FIDE Olympiad 2024"]
[Site "Budapest"]
[Date "2024.09.11"]
[Round "1.123"]
[White "Manan, Yoboue Hermann"]
[Black "Blohberger, Felix"]
[Result "0-1"]
[ECO "B51"]
[WhiteElo "2030"]
[BlackElo "2520"]
[Annotator "TA"]
[PlyCount "48"]
[EventDate "2024.09.05"]
[EventType "team-tourn"]
[EventCountry "HUN"]
[SourceTitle "playchess.com"]
[Source "ChessBase"]
[SourceQuality "1"]
[WhiteTeam "Cote d/^Ivoire"]
[BlackTeam "Austria"]
[BlackTeamCountry "AUT"]
[TimeControl "40/5400+30:1800+30"]

1. e4 c5 2. Nf3 d6 3. Bb5+ Nd7 4. O-O a6 5. Bxd7+ Bxd7 6. d4 cxd4 7. Qxd4 e5 8. Qd3 h6 9. Nc3 Nf6 10. a4 Rc8 11. Be3 Be7 12. a5 Qc7 {The position is equal.} 13. Nd2 O-O 14. Bb6 Qc6 15. Rfc1 (15. Rfd1 $11) 15... Be6 $15 16. Ne2 (16. Re1 $15) 16... d5 $17 {Black is more active.} 17. exd5 (17. Nc3 $17) 17... Nxd5 $19 18. Qg3 (18. Nc3 $142) 18... Nxb6 19. axb6 Bg5 {This pair of bishops is nice.} ({Don't take} 19... Qxb6 20. Qe3 Qxe3 (20... Qxb2 $2 21. Nf3 $19) 21. fxe3 $19) 20. Nf3 (20. f4 {was called for.} exf4 (20... Qxb6+ $2 21. Qf2 $19) 21. Qf2) 20... Bxc1 {Black is clearly winning.} ({Not} 20... Qxb6 21. Nxg5 hxg5 22. Qxe5 $15) 21. Rxc1 f6 22. Nh4 Qxb6 23. b3 Rfd8 24. Ng6 {[#] Inhibits Rxc2.} Rxc2 $3 {[%mdl 512] White got outplayed after the opening.   Weighted Error Value: White=0.92/Black=0.02 (flawless) .  Mistake:       	White=5     	---        Inaccurate:     	White=1     	---        OK:         	White=1     	Black=7      Best:        	---       	Black=2} 0-1

[Event "45th FIDE Olympiad 2024"]
[Site "Budapest"]
[Date "2024.09.11"]
[Round "1.124"]
[White "Baidetskyi, Valentin"]
[Black "Nean, Franck Anderson"]
[Result "1-0"]
[ECO "B38"]
[WhiteElo "2512"]
[BlackElo "1917"]
[Annotator "TA"]
[PlyCount "68"]
[EventDate "2024.09.05"]
[EventType "team-tourn"]
[EventCountry "HUN"]
[SourceTitle "playchess.com"]
[Source "ChessBase"]
[SourceQuality "1"]
[WhiteTeam "Austria"]
[BlackTeam "Cote d/^Ivoire"]
[WhiteTeamCountry "AUT"]
[TimeControl "40/5400+30:1800+30"]

1. e4 c5 2. Nf3 g6 3. c4 Bg7 4. d4 cxd4 5. Nxd4 Nc6 6. Be3 d6 7. Nc3 Nf6 8. Be2 Bd7 9. O-O Nxd4 10. Bxd4 Bc6 11. Qd3 O-O {White is slightly better.} 12. b4 {[%cal Bb2b4,Bb4b5][%mdl 32] White is more active.} b6 13. Rfd1 Nd7 14. Bxg7 Kxg7 15. f4 Kg8 {[#]} 16. e5 $1 a5 (16... dxe5 $2 17. b5 Qe8 (17... e4 $2 18. Qh3 $18) 18. bxc6 $18) 17. b5 (17. exd6 $6 axb4 18. Nd5 Bxd5 19. Qxd5 Nc5 $11) 17... Nc5 18. Qg3 Bb7 19. f5 Qe8 ({Better is} 19... Qc8) 20. exd6 $16 exd6 (20... Rd8 $16 21. Bf3 (21. fxg6 fxg6 22. dxe7 Qxe7 $18) 21... Bxf3 22. gxf3 (22. Qxf3 Rxd6 23. Qe3 Rxd1+ 24. Rxd1 e6 $18) 22... Kh8 23. Qe5+ f6 24. Qxe7 gxf5 25. Qxe8 (25. Nd5 Qh5 $16) 25... Rfxe8) 21. Rxd6 $18 Kh8 $2 (21... Rd8 {was necessary.} 22. Rad1 (22. Rxb6 Rd2 $16) 22... Rxd6 23. Rxd6 Ba8) 22. f6 (22. Rxb6 gxf5 23. Bf1 Rg8 $18) 22... Rd8 23. Rad1 (23. Rxb6 Rd2) 23... Rxd6 24. Rxd6 Ba8 25. Rxb6 {[#] Black must now prevent Rd6.} Ne4 $2 (25... Na4 26. Nxa4 Qxe2) 26. Nxe4 Qxe4 27. Bf1 Qd4+ 28. Qf2 Qa1 29. Rd6 {Qe3 is the strong threat.} h5 30. c5 (30. Qe3 $142 Kh7 31. Qe7 (31. c5 Rc8 $18) 31... Bxg2 32. Kxg2 (32. Qxf8 $2 Qxf1#) 32... Qb1 33. Bd3 (33. Qxf8 Qe4+ 34. Kf2 Qf4+ 35. Ke2 Qxc4+ 36. Ke3 Qc5+ 37. Ke4 Qf5+ 38. Kd4 Qf2+ 39. Kd5 Qf3+ 40. Kc5 Qe3+ 41. Kc6 Qf3+ 42. Kc7 Qc3+ 43. Kd8 Qxf6+ 44. Rxf6 h4 45. Rxf7#) 33... Qxa2+ 34. Kf3 (34. Qe2 Qxe2+ 35. Bxe2 Re8 $18) 34... Qxh2 35. Qxf8) 30... Be4 31. Qe3 Kh7 {Dodges Qh6+} 32. Qxe4 {White threatens Qe7 and mate.} Qxa2 33. Rd5 Kh6 34. Qf4+ Kh7 {Weighted Error Value: White=0.25 (precise) /Black=1.03.  Mistake:       	---       	Black=4      Inaccurate:     	White=2     	Black=3      OK:         	White=6     	Black=6      Best:        	White=2     	Black=1} 1-0

[Event "45th FIDE Olympiad 2024"]
[Site "Budapest"]
[Date "2024.09.11"]
[Round "1.125"]
[White "Mchedlishvili, Mikheil"]
[Black "Gurner, Jem"]
[Result "1-0"]
[ECO "E62"]
[WhiteElo "2574"]
[BlackElo "2091"]
[Annotator "TA"]
[PlyCount "79"]
[EventDate "2024.09.05"]
[EventType "team-tourn"]
[EventCountry "HUN"]
[SourceTitle "playchess.com"]
[Source "ChessBase"]
[SourceQuality "1"]
[WhiteTeam "Georgia"]
[BlackTeam "Jersey"]
[WhiteTeamCountry "GEO"]
[TimeControl "40/5400+30:1800+30"]

1. c4 Nf6 2. g3 g6 3. Bg2 Bg7 4. Nc3 O-O 5. d4 d6 6. Nf3 Nc6 7. d5 Na5 8. b3 c5 9. Bb2 a6 10. O-O Ne4 {The position is equal.} 11. Qc1 Nxc3 12. Bxc3 b5 13. h4 h5 14. Bxg7 Kxg7 15. Qc3+ Kg8 16. Nd2 $36 {[%mdl 2048] White has strong initiative. White is more active.} Rb8 17. f4 Bg4 18. e4 e6 19. e5 b4 (19... bxc4 $16 {is a better defense.} 20. bxc4 dxe5 21. fxe5 Bf5) 20. Qb2 $18 Bf5 21. Ne4 Bxe4 22. Bxe4 {Black must now prevent dxe6.} exd5 (22... f5) 23. Bxd5 {Strongly threatening f5.} ({Not} 23. cxd5 c4 $14) 23... Kh7 {Black is weak on the light squares} 24. Rae1 Qc7 (24... dxe5 $142 25. fxe5 Qe7) 25. e6 {Hoping for e7.} fxe6 26. Rxe6 Rbe8 {[%cal Bb8e8,Be8e6,Be6g6][%mdl 32] [#] Prevents f5.} 27. f5 $1 Rxe6 (27... gxf5 28. Rxe8) 28. fxg6+ Rxg6 29. Rxf8 Qg7 {Prevents Rh8+.} 30. Qxg7+ (30. Rf7 $142 Rxg3+ 31. Kh2 Qxf7 32. Bxf7) 30... Kxg7 {[%mdl 4096] Endgame. KRB-KRN} 31. Rf7+ Kh8 32. Kg2 Rg8 33. Ra7 {[%csl LRa6,LRg8][%cal Oa7a8] Threatens to win with Ra8!} Re8 34. Ra8 Rxa8 35. Bxa8 {KB-KN} Kg7 {[#]} 36. g4 $1 hxg4 (36... Nxc4 37. bxc4) 37. Kg3 {[%cal Oh4h5] h5! would kill now.} Kh6 38. Kxg4 {White mates.} Kg6 39. h5+ Kh6 40. Be4 {Black did not feel at home in the position after the opening.   Weighted Error Value: White=0.11 (very precise) /Black=0.80.  Mistake:       	---       	Black=3      Inaccurate:     	---       	Black=5      OK:         	White=7     	Black=2      Best:        	White=1     	---} 1-0

[Event "45th FIDE Olympiad 2024"]
[Site "Budapest"]
[Date "2024.09.11"]
[Round "1.126"]
[White "Carpenter, Paul A"]
[Black "Kacharava, Nikolozi"]
[Result "0-1"]
[ECO "A01"]
[WhiteElo "1985"]
[BlackElo "2511"]
[Annotator "TA"]
[PlyCount "64"]
[EventDate "2024.09.05"]
[EventType "team-tourn"]
[EventCountry "HUN"]
[SourceTitle "playchess.com"]
[Source "ChessBase"]
[SourceQuality "1"]
[WhiteTeam "Jersey"]
[BlackTeam "Georgia"]
[BlackTeamCountry "GEO"]
[TimeControl "40/5400+30:1800+30"]

1. b3 e5 2. Bb2 Nc6 3. d3 d5 4. e3 Nf6 5. Nd2 Bd6 6. Ne2 Qe7 7. a3 h5 8. h3 {Black is slightly better.} Bf5 9. g3 e4 10. d4 Nd8 11. c4 {[#] And now c5 would win.} c6 12. Nc3 Ne6 13. c5 {Black converts the advantage convincingly.} ({White should play} 13. b4 $15) 13... Bc7 $17 14. b4 Ng5 15. Qa4 Qe6 {[%cal Rg5h3] Black is more active.} 16. b5 (16. h4 $17 Nh3 17. Ne2) 16... O-O $19 ({Not} 16... Nxh3 17. Rxh3 Bxh3 18. bxc6 $15) 17. Ne2 Nxh3 18. Nf4 (18. Qb3 $142) 18... Nxf4 19. gxf4 Bg4 20. Be2 Bxf4 21. Bxg4 (21. Qd1 $142 Bxe2 22. Qxe2) 21... Nxg4 22. Rxh5 {[#]} (22. Qd1 $142 Bh2 23. Rxh2 Nxh2 24. Qxh5) 22... Nxe3 $1 23. fxe3 Bg3+ (23... Bxe3 24. Nf1 Bf4 25. Qc2 $17) 24. Kf1 g6 ({Weaker is} 24... Qg4 25. Qd1 Qg6 26. Rh3 $14) 25. Rh1 Qf5+ 26. Ke2 Qg4+ 27. Kf1 Kg7 {Black mates.} 28. Qd1 Qf5+ 29. Kg2 Qf2+ 30. Kh3 Rh8+ 31. Kg4 f5+ 32. Kg5 Qxe3# {Weighted Error Value: White=0.66/Black=0.11 (very precise) .  Mistake:       	White=5     	---        Inaccurate:     	White=2     	---        OK:         	White=5     	Black=7      Best:        	White=1     	Black=1      Brilliant:      	---       	Black=1} 0-1

[Event "45th FIDE Olympiad 2024"]
[Site "Budapest"]
[Date "2024.09.11"]
[Round "1.127"]
[White "Paichadze, Luka"]
[Black "Belzo, Krzysztof"]
[Result "1-0"]
[ECO "B30"]
[WhiteElo "2516"]
[BlackElo "2076"]
[Annotator "TA"]
[PlyCount "61"]
[EventDate "2024.09.05"]
[EventType "team-tourn"]
[EventCountry "HUN"]
[SourceTitle "playchess.com"]
[Source "ChessBase"]
[SourceQuality "1"]
[WhiteTeam "Georgia"]
[BlackTeam "Jersey"]
[WhiteTeamCountry "GEO"]
[TimeControl "40/5400+30:1800+30"]

1. e4 c5 2. Nf3 Nc6 3. Bb5 Nf6 4. Bxc6 dxc6 5. d3 Bg4 6. h3 Bh5 7. Nc3 Qc7 8. Be3 {White has an edge.} Nd7 9. g4 Bg6 10. Nh4 e6 11. f4 {f5 would now be deadly.} Be7 12. g5 Nf8 (12... c4 $11) 13. Qg4 {Strongly threatening f5.} f6 (13... h6 $14) 14. O-O-O $36 {[%cal Ba1d1,Bd1g1,Bg1g6,Bg6h6][%mdl 2080] Keeping Black busy.} Bf7 15. Rhg1 Rg8 16. gxf6 {White has more active pieces.} gxf6 17. Qf3 Rxg1 18. Rxg1 Ng6 19. Qh5 f5 (19... Nxh4 $16 20. Qxh4 Bg6) 20. Qxh7 Bxh4 (20... Nxh4 {is more resistant.} 21. Qh8+ Bf8) 21. Rxg6 $18 {[#] And now Rg8+ would win.} Qe7 22. Rh6 Be1 23. Qh8+ Qf8 24. Bxc5 Qg8 25. Qf6 Kd7 26. Qe7+ Kc8 27. Bd6 {[%csl Gd6][%cal Re7c7] White mates.} Qd8 {[#]} 28. Rh8 $3 Bd2+ (28... Bg8 29. Rxg8) 29. Kxd2 Be8 30. Rxe8 Qxe8 31. Qc7# {Weighted Error Value: White=0.04 (flawless) /Black=0.46.  Mistake:       	---       	Black=4      Inaccurate:     	---       	Black=2      OK:         	White=6     	Black=6      Best:        	White=1     	---} 1-0

[Event "45th FIDE Olympiad 2024"]
[Site "Budapest"]
[Date "2024.09.11"]
[Round "1.128"]
[White "Forbes, Garry"]
[Black "Jobava, Baadur"]
[Result "0-1"]
[ECO "B07"]
[WhiteElo "1858"]
[BlackElo "2582"]
[Annotator "TA"]
[PlyCount "56"]
[EventDate "2024.09.05"]
[EventType "team-tourn"]
[EventCountry "HUN"]
[SourceTitle "playchess.com"]
[Source "ChessBase"]
[SourceQuality "1"]
[WhiteTeam "Jersey"]
[BlackTeam "Georgia"]
[BlackTeamCountry "GEO"]
[TimeControl "40/5400+30:1800+30"]

1. d4 d6 2. e4 Nf6 3. Nc3 e5 4. dxe5 dxe5 5. Qxd8+ Kxd8 6. Bc4 Ke8 7. Nge2 c6 8. a4 a5 {White is slightly better.} 9. h3 Nbd7 10. Be3 Bc5 11. Bxc5 Nxc5 12. f3 Ke7 13. O-O-O Nfd7 14. Rd2 (14. Bd3 $11 {remains equal.}) 14... Nb6 $17 15. Bb3 h5 (15... Nxb3+ $17 16. cxb3 Be6) 16. h4 (16. f4 $15) 16... Ra6 ({Black should play} 16... Nxb3+ 17. cxb3 Be6) 17. Rhd1 {[#]} (17. f4 $17) 17... Nxb3+ $1 $19 18. cxb3 Be6 19. Kc2 Nd7 20. Rd6 Rh6 {[%cal Oe6b3] ...Bxb3+! would now be deadly.} 21. R6d2 Nc5 22. Nc1 Rb6 23. Rd8 Nxb3 {Strongly threatening ...Rg6.} ({Less strong is} 23... Bxb3+ 24. Nxb3 Rxb3 25. Ra8 $15) 24. Ra8 $2 {[#]} (24. Kb1) 24... Rg6 25. Nd5+ (25. Kd3 $142 Rxg2 26. Nxb3 Bxb3 (26... Rxb3 $2 27. Rxa5 Kf6 28. Rd2 $19) 27. Rc1) 25... cxd5 26. Nxb3 dxe4 27. Nxa5 Rxg2+ 28. Rd2 exf3 {White did not feel at home in the position after the opening.   Weighted Error Value: White=1.03/Black=0.08 (flawless) .  Mistake:       	White=5     	Black=2      Inaccurate:     	White=3     	---        OK:         	White=4     	Black=6      Best:        	White=1     	Black=5      Strong:       	---       	Black=1} 0-1

[Event "45th FIDE Olympiad 2024"]
[Site "Budapest"]
[Date "2024.09.11"]
[Round "1.129"]
[White "Wu, Li"]
[Black "Peralta, Fernando"]
[Result "0-1"]
[ECO "C01"]
[WhiteElo "2325"]
[BlackElo "2558"]
[Annotator "TA"]
[PlyCount "92"]
[EventDate "2024.09.05"]
[EventType "team-tourn"]
[EventCountry "HUN"]
[SourceTitle "playchess.com"]
[Source "ChessBase"]
[SourceQuality "1"]
[WhiteTeam "Isle of Man"]
[BlackTeam "Argentina"]
[WhiteTeamCountry "IOM"]
[BlackTeamCountry "ARG"]
[TimeControl "40/5400+30:1800+30"]

1. e4 e6 2. d4 d5 3. exd5 exd5 4. Nf3 Nf6 5. h3 Bd6 6. c4 O-O 7. c5 Be7 8. b4 (8. Bd3 $11) 8... b6 9. a3 Ne4 {Repels Nc3} 10. Be3 (10. Bd3 $11) 10... Bf6 11. Qc2 Re8 12. Bd3 {[#]} (12. Nbd2 $15) 12... bxc5 ({Black should play} 12... Ng3 $1 $19 13. Rg1 bxc5 14. bxc5 Nc6) 13. bxc5 Ba6 (13... Ng3 $1 $17 14. Rg1 Nc6) 14. Ra2 Bxd3 15. Qxd3 {[#]} Nxc5 $1 16. dxc5 {Black must now prevent 0-0.} d4 17. Re2 dxe3 18. Rxe3 Nd7 ({Stronger than} 18... Qxd3 19. Rxe8#) 19. c6 (19. Rxe8+ Qxe8+ 20. Kf1 Nxc5 $19) 19... Nb8 20. Qxd8 Rxd8 21. Ke2 Nxc6 22. Rc1 Nd4+ 23. Nxd4 Bxd4 24. Rd3 c5 25. Rc2 Rd6 26. Nd2 Re8+ 27. Kf1 Ra6 28. Rc4 g6 {Black is more active.} 29. g4 Rb8 {...Rb2 would now be deadly.} 30. Nf3 Bb2 31. a4 Bg7 ({Better is} 31... Rb4 $17 32. Rxc5 Rbxa4 (32... Raxa4 33. g5 $17)) 32. Rd7 $11 Bf8 33. Rf4 f6 34. g5 f5 35. Rh4 Bg7 {Strongly threatening ...Rb1+.} 36. Rc4 Bf8 $36 {[%mdl 2048] Black fights for an advantage.} 37. Rh4 $1 Bg7 {And now ...Rb1+ would win.} 38. Rc4 Ra5 39. Rc1 Bf8 40. Ne5 {Hoping for Nc6.} Rxa4 41. Nc6 (41. Nf7 $17) 41... Re8 $19 42. Rcd1 a6 43. Rc7 Ra2 44. Kg1 Rae2 45. Rdd7 {[#]} (45. Kg2 $17) 45... R2e6 $1 46. Rxh7 $2 {[#]} (46. Kf1) 46... Rxc6 $1 {[%mdl 512] Weighted Error Value: White=0.36/Black=0.19 (very precise) .  Mistake:       	White=6     	Black=3      Inaccurate:     	White=8     	Black=5      OK:         	White=12    	Black=13     Best:        	White=4     	Black=2      Strong:       	White=1     	---        Brilliant:      	---       	Black=1} 0-1

[Event "45th FIDE Olympiad 2024"]
[Site "Budapest"]
[Date "2024.09.11"]
[Round "1.130"]
[White "Krysa, Leandro"]
[Black "Fabri, Henrik"]
[Result "1-0"]
[ECO "A23"]
[WhiteElo "2495"]
[BlackElo "1936"]
[Annotator "TA"]
[PlyCount "65"]
[EventDate "2024.09.05"]
[EventType "team-tourn"]
[EventCountry "HUN"]
[SourceTitle "playchess.com"]
[Source "ChessBase"]
[SourceQuality "1"]
[WhiteTeam "Argentina"]
[BlackTeam "Isle of Man"]
[WhiteTeamCountry "ARG"]
[BlackTeamCountry "IOM"]
[TimeControl "40/5400+30:1800+30"]

1. c4 e5 2. g3 Nf6 3. Bg2 c6 4. Nf3 e4 5. Nd4 d5 6. cxd5 cxd5 7. Nc3 Nc6 8. Nxc6 bxc6 9. d3 exd3 10. Qxd3 Bb4 11. O-O {The position is equal.} O-O 12. Be3 Be6 13. Na4 Qa5 14. Qc2 Nd7 15. Rfc1 (15. Qxc6 $2 Rac8 16. Qb7 Rc7 $19 (16... Qxa4 $2 17. Qxa7 Qc2 18. a4 $19) (16... Qxa4 $2 17. Bxd5 Bxd5 18. Qxd5 $19)) 15... Rfc8 16. a3 Bd6 17. Nc5 Nxc5 18. Bxc5 Qd8 19. e4 g6 20. Rd1 Qe7 (20... Bxc5 $11 21. Qxc5 a5) 21. Rac1 $14 Rab8 22. b4 ({Much worse is} 22. exd5 $6 cxd5 23. Bxd6 Qxd6 $11) 22... a5 23. bxa5 Rb5 24. Bb6 {Bf1 is the strong threat.} Bxa3 {[#]} 25. Rb1 Rxb1 (25... Bc5 $16) 26. Rxb1 $18 Qd6 (26... c5 $142 27. a6 (27. exd5 Bf5 $16) 27... c4) 27. Qc3 {Black must now prevent a6.} c5 $2 (27... dxe4 28. Bxe4 Qe7) 28. Qxa3 {White is clearly winning.} d4 29. Rd1 Bc4 30. Rc1 Ba6 31. Rxc5 Qd7 32. Rxc8+ Qxc8 33. Bxd4 {Weighted Error Value: White=0.34/Black=0.30.  Mistake:       	---       	Black=4      Inaccurate:     	White=2     	Black=3      OK:         	White=6     	Black=3      Best:        	---       	Black=1} 1-0

[Event "45th FIDE Olympiad 2024"]
[Site "Budapest"]
[Date "2024.09.11"]
[Round "1.131"]
[White "Ormsby, Alan"]
[Black "Felgaer, Ruben"]
[Result "1/2-1/2"]
[ECO "D02"]
[WhiteElo "1914"]
[BlackElo "2563"]
[Annotator "TA"]
[PlyCount "64"]
[EventDate "2024.09.05"]
[EventType "team-tourn"]
[EventCountry "HUN"]
[SourceTitle "playchess.com"]
[Source "ChessBase"]
[SourceQuality "1"]
[WhiteTeam "Isle of Man"]
[BlackTeam "Argentina"]
[WhiteTeamCountry "IOM"]
[BlackTeamCountry "ARG"]
[TimeControl "40/5400+30:1800+30"]

1. d4 d5 2. Bf4 Nf6 3. e3 e6 4. Bd3 Bd6 5. Bg3 O-O 6. Nf3 b6 7. Nbd2 Bb7 8. c3 c5 9. Ne5 Nc6 10. O-O Qc7 11. Nxc6 Bxc6 12. Bxd6 Qxd6 13. f4 Ne4 14. Nxe4 dxe4 15. Be2 {The position is equal.} Rfd8 16. a3 a5 17. Qe1 h6 18. Qh4 cxd4 19. cxd4 Qd5 20. Rac1 Rdc8 21. Bc4 Qd7 22. Qf2 Rc7 23. Qd2 Bb7 24. Bb5 Qd6 25. Rxc7 Qxc7 26. Rc1 Qd6 27. Rc3 g5 28. fxg5 Qd5 (28... hxg5 $11 29. Qc2 Bd5) 29. Bf1 {Qf2 would now be deadly.} Qxg5 30. Qf2 Rc8 {[#] Prevents Rc7} (30... Bd5 $142) 31. Rxc8+ $1 $16 Bxc8 32. h4 Qd5 {Weighted Error Value: White=0.06 (flawless) /Black=0.17 (very precise) .  Mistake:       	---       	Black=2      Inaccurate:     	---       	Black=1      OK:         	White=8     	Black=5} 1/2-1/2

[Event "45th FIDE Olympiad 2024"]
[Site "Budapest"]
[Date "2024.09.11"]
[Round "1.132"]
[White "Sosa, Tomas"]
[Black "Gumireddy, Sanjay"]
[Result "1-0"]
[ECO "C55"]
[WhiteElo "2515"]
[BlackElo "1907"]
[Annotator "TA"]
[PlyCount "29"]
[EventDate "2024.09.05"]
[EventType "team-tourn"]
[EventCountry "HUN"]
[SourceTitle "playchess.com"]
[Source "ChessBase"]
[SourceQuality "1"]
[WhiteTeam "Argentina"]
[BlackTeam "Isle of Man"]
[WhiteTeamCountry "ARG"]
[BlackTeamCountry "IOM"]
[TimeControl "40/5400+30:1800+30"]

1. e4 e5 2. Nf3 Nc6 3. Bc4 Nf6 4. d3 Be7 5. O-O d6 6. a4 a5 7. Nc3 h6 8. Nd5 g5 (8... O-O $11 {remains equal.}) 9. c3 $16 {White is much more active.} Bf8 {[#]} 10. Nxg5 $1 hxg5 (10... Nxd5 $16 {was worth a try.} 11. Nxf7 Kxf7) 11. Bxg5 $18 Bg7 12. Qf3 {Strongly threatening h3.} Ne7 $2 (12... Bg4 {might work better.} 13. Nxf6+ Bxf6 14. Qxf6 (14. Qxg4 $2 Bxg5 15. Qf5 Qf6 $19) 14... Qxf6 15. Bxf6 Rh6) 13. Nxf6+ {White is clearly winning.} Bxf6 14. Qxf6 Rg8 (14... Rh7 $142 15. f4 exf4 16. Rxf4 Be6 17. Bxe6 fxe6 18. Qxe6 Qc8) 15. Bxf7+ {Black got outplayed after the opening.   Weighted Error Value: White=0.04 (flawless) /Black=0.91.  Mistake:       	---       	Black=4      Inaccurate:     	---       	Black=1      OK:         	White=3     	---        Strong:       	White=1     	---} 1-0